 Dungeon Crawl Stone Soup version 0.30-a0-989-g0d87f670db (webtiles) character file.

Game seed: 14110811548162866938

46 mopl the Digger (level 3, -2/26 HPs)
             Began as a Draconian Earth Elementalist on Apr 3, 2023.
             Slain by a water moccasin (5 damage)
             ... on level 3 of the Dungeon.
             The game lasted 00:01:50 (1000 turns).

mopl the Digger (Draconian Earth Elementalist)      Turns: 1000, Time: 00:01:50

Health: -2/26      AC:  5    Str: 10    XL:     3   Next: 46%
Magic:  0/6        EV: 11    Int: 17    God:
Gold:   188        SH:  3    Dex: 11    Spells: 3/6 levels left

rFire   . . .      SeeInvis .    a - +0 dagger
rCold   . . .      Faith    .    b - +0 buckler
rNeg    . . .      Spirit   .    (body armour unavailable)
rPois   .          Reflect  .    (helmet restricted)
rElec   .          Rampage  .    (no cloak)
rCorr   .                        (no gloves)
Will    .....                    (no boots)
Stlth   ++                       (no amulet)
HPRegen 0.24/turn                c - ring of flight
MPRegen 0.10/turn                (no ring)

@: lethally poisoned (-2 -> -7), flying, hasted, very quick
A: AC +5, unfitting armour, cold-blooded
a: no special abilities


You were on level 3 of the Dungeon.
You visited 1 branch of the dungeon, and saw 3 of its levels.

You collected 188 gold pieces.

Inventory:

Hand Weapons
 a - a +0 dagger (weapon)
Armour
 b - a +0 buckler (worn)
Jewellery
 c - a ring of flight (left hand)
Scrolls
 d - a scroll of fear {unknown}
 f - a scroll of blinking {unknown}
 h - 3 scrolls of vulnerability {unknown}
 j - a scroll of poison {unknown}
 k - 3 scrolls of identify {unknown}
 l - a scroll of noise {unknown}
 o - a scroll of amnesia {unknown}
Potions
 e - a potion of degeneration {unknown}
 g - a potion of haste
 i - a potion of might {unknown}
 m - a potion of lignification {unknown}
 n - a potion of magic


   Skills:
 - Level 1.7 Dodging
 - Level 1.7 Stealth
 + Level 1.2 Shields
 + Level 2.4 Spellcasting
 + Level 1.8 Transmutations
 + Level 3.4 Earth Magic


You had 3 spell levels left.
You knew the following spells:

 Your Spells              Type           Power      Damage    Failure   Level
a - Sandblast             Erth           26%        2d8       6%          1
p - Passwall              Tmut/Erth      9%         N/A       12%         2

Your spell library contained the following spells:

 Spells                   Type           Power      Damage    Failure   Level
 Beastly Appendage        Tmut           16%        N/A       11%         1
 Wereblood                Tmut           8%         N/A       17%         2
 Stone Arrow              Conj/Erth      14%        3d7       34%         3
 Spider Form              Tmut/Pois      5%         N/A       45%         3
 Petrify                  Tmut/Erth      11%        N/A       63%         4
 Lehudib's Crystal Spear  Conj/Erth      3%         10d3      100%        8
 Animate Armour           Summ/Erth      Unusable   N/A       N/A         4

Dungeon Overview and Level Annotations

Branches:
Dungeon (3/15)

Altars:


Innate Abilities, Weirdness & Mutations

Your plain brown scales are hard. (AC +5)
You cannot fit into any form of body armour.
You are cold-blooded and may be slowed by cold attacks.


Message History

You hit the water moccasin.
The water moccasin is moderately wounded.
The water moccasin closely misses you.
Casting: Sandblast (safe; 6% risk of failure)
Confirm with . or Enter, or press ? or * to list all spells.
Aiming: Sandblast (safe; 6% risk of failure)
Press: ? - help, Shift-Dir - straight line, f/p - water moccasin
Aim: a water moccasin (moderately wounded, 70% to hit)
The blast of sand hits the water moccasin.
The water moccasin is severely wounded.
The water moccasin bites you but does no damage.
The water moccasin barely misses you.
You barely miss the water moccasin.
The water moccasin is severely wounded.
The water moccasin closely misses you. The water moccasin bites you!
You miss the water moccasin.
The water moccasin is severely wounded.
The water moccasin barely misses you.
You miss the water moccasin.
The water moccasin is severely wounded.
The water moccasin bites you.
You closely miss the water moccasin.
The water moccasin is severely wounded.
The water moccasin closely misses you. x2
You hit the water moccasin but do no damage.
You tail-slap the water moccasin.
The water moccasin is severely wounded.
The water moccasin bites you.
You are poisoned.
The water moccasin poisons you!
You hit the water moccasin.
The water moccasin is severely wounded.
You feel very sick. The water moccasin bites you.
* * * LOW HITPOINT WARNING * * *
The water moccasin bites you but does no damage.
It was a potion of haste.
You feel yourself speed up.
* * * LOW HITPOINT WARNING * * *
You feel sick. The water moccasin bites you.
You die...

....#.####..####.......#
#.. #..##.####....
#.......# ###
#.......##....##.......#
..###...####...####....(.
. ##†.### .... ##...(.. #
#....# #.# .......
#....## .......
##.....######.......
#.........hS@.......
........#...####....!.
........###..# .##.#
##............# ....
#..#........h### .....
...#...........#...... ##
#####.....#g..$....
#.......†......
#......##†..##.


You could see a water moccasin and a jackal.

Vanquished Creatures
  An adder (D:2)
  4 endoplasms
  A giant cockroach (D:2)
  3 goblins
  3 hobgoblins
  2 jackals (D:3)
  4 kobolds
  5 quokkas
  2 ball pythons
  3 bats
  3 frilled lizards
  2 rats (D:2)
33 creatures vanquished.

Notes
Turn   | Place    | Note
-------+----------+-------------------------------------------
     0 | D:1      | mopl the Draconian Earth Elementalist began the quest for
                  | the Orb.
     0 | D:1      | Reached XP level 1. HP: 14/14 MP: 3/3
   137 | D:1      | Reached XP level 2. HP: 19/20 MP: 0/5
   176 | D:1      | Found a faded altar of an unknown god.
   398 | D:2      | Reached skill level 1 in Shields
   430 | D:2      | Reached XP level 3. HP: 26/26 MP: 3/6
   433 | D:2      | Learned a level 2 spell: Passwall
   966 | D:3      | Noticed a water moccasin
  1000 | D:3      | Slain by a water moccasin

Illustrated notes

Levels and vault maps discovered:
D:1:      lemuel_arrival_hallway, layout_basic, chequers_ecumenical_altar_island
D:2:      layout_basic, serial_rivers, chequers_serial_rivers_small_b,
          chequers_serial_rivers_small_a, chequers_serial_rivers_small_b,
          chequers_serial_rivers_micro_e, chequers_serial_rivers_micro_d,
          kennysheep_small_spiral
D:3:      layout_rooms, okawaru_altar_gauntlet_db, goddamned_bats, uniq_terence

Skill      XL: |  1  2 |
---------------+-------+-----
Shields        | 1 |  1.2
Dodging        | |  1.7
Stealth        | |  1.7
Spellcasting   | |  2.4
Transmutations | |  1.8
Earth Magic    | |  3.4

Action                     || total
---------------------------++-------
  Melee: Unarmed           ||     4
         Tailslap          ||     2
         Dagger            ||    20
   Cast: Sandblast         ||    44
    Use: Potion            ||     1
 Armour: Skin              ||    18
  Dodge: Dodged            ||    24
  Block: Buckler           ||    14

Table legend: (Time is in decaauts)
 A = Elapsed time spent in this place.
 B = Non-inter-level travel time spent in this place.
 C = Inter-level travel time spent in this place.
 D = Time resting spent in this place.
 E = Time spent auto-exploring this place.
 F = Levels seen in this place.
 G = Mean time per level.
                   A        B        C        D        E       F      G
               +--------+--------+--------+--------+--------+-----+--------+
         Total |   1021 |    999 |     22 |      0 |    755 |   3 |  340.3 |
       Dungeon |   1021 |    999 |     22 |      0 |    755 |   3 |  340.3 |
               +--------+--------+--------+--------+--------+-----+--------+

Top non-repeatable levels by time:
     D:2: 590 daAuts
     D:1: 311 daAuts
     D:3: 119 daAuts
